 Dungeon Crawl Stone Soup version 0.23.1 (webtiles) character file.

Game seed: 0

75 esteth the Magician (level 4, -3/32 HPs)
             Began as a Gnoll Wizard on Mar 16, 2019.
             Killed from afar by an orc wizard (9 damage)
             ... with a magic dart
             ... on level 3 of the Dungeon.
             The game lasted 00:04:03 (2327 turns).

esteth the Magician (Gnoll Wizard)                  Turns: 2327, Time: 00:04:04

Health: -3/32      AC:  2    Str:  9    XL:     4   Next: 31%
Magic:  0/13       EV: 14    Int: 22    God:
Gold:   79         SH:  0    Dex: 13    Spells: 12/17 levels left

rFire    . . .     SeeInvis .   i - +0 dagger
rCold    . . .     Gourm    .   (no shield)
rNeg     . . .     Faith    .   a - +0 robe
rPois    .         Spirit   .   b - +0 hat
rElec    .         Reflect  .   (no cloak)
rCorr    .         Harm     .   (no gloves)
MR       .....                  (no boots)
Stlth    ++++......             (no amulet)
HPRegen  0.10/turn              e - ring of flight
MPRegen  0.13/turn              f - ring of stealth

@: no status effects
A: distributed training, fangs 1, strong nose
a: Evoke Flight


You were on level 3 of the Dungeon.
You were very hungry.

You visited 1 branch of the dungeon, and saw 3 of its levels.

You collected 79 gold pieces.

Inventory:

Hand Weapons
 i - a +0 dagger (weapon)
Armour
 a - a +0 robe (worn)
 b - a +0 hat (worn)
Jewellery
 e - a ring of flight (left hand)
 f - a ring of stealth (right hand)
Scrolls
 g - 2 scrolls of remove curse {unknown}
 n - a scroll of identify
 p - a scroll of enchant weapon {unknown}
Potions
 c - 3 potions of brilliance {unknown}
 h - a potion of berserk rage {unknown}
 j - a potion of lignification {unknown}
 l - a potion of might {unknown}
 m - a potion of heal wounds {unknown}
 o - a potion of curing {unknown}
Comestibles
 d - 3 rations


   Skills:
 + Level 1.1 Fighting
 + Level 1.1 Short Blades
 + Level 1.1 Long Blades
 + Level 1.1 Axes
 + Level 1.1 Maces & Flails
 + Level 1.1 Polearms
 + Level 1.1 Staves
 + Level 1.1 Slings
 + Level 1.1 Bows
 + Level 1.1 Crossbows
 + Level 1.1 Throwing
 + Level 1.1 Armour
 + Level 4.6 Dodging
 + Level 4.2 Stealth
 + Level 1.1 Shields
 + Level 1.1 Unarmed Combat
 + Level 7.2 Spellcasting
 + Level 2.2 Conjurations
 + Level 0.8 Hexes
 + Level 0.8 Charms
 + Level 2.2 Summonings
 + Level 0.8 Necromancy
 + Level 2.2 Translocations
 + Level 0.8 Transmutations
 + Level 0.8 Fire Magic
 + Level 0.8 Ice Magic
 + Level 0.8 Air Magic
 + Level 0.8 Earth Magic
 + Level 0.8 Poison Magic
 + Level 1.2 Invocations
 + Level 1.1 Evocations


You had 12 spell levels left.
You knew the following spells:

 Your Spells              Type           Power        Failure   Level  Hunger
a - Magic Dart            Conj           ###.         3%          1    None
b - Blink                 Tloc           N/A          4%          2    None
c - Call Imp              Summ           ###.....     4%          2    None

Your spell library contained the following spells:

 Spells                   Type           Power        Failure   Level  Hunger
 Slow                     Hex            ##......     9%          2    None
 Conjure Flame            Conj/Fire      ##......     13%         3    None
 Mephitic Cloud           Conj/Pois/Air  ##......     14%         3    None


Dungeon Overview and Level Annotations

Branches:
Dungeon (3/15)

Altars:
Fedhas
Okawaru


Innate Abilities, Weirdness & Mutations

Your experience applies equally to all skills.
You have very sharp teeth.
Your uncanny sense of smell can sniff out nearby items.


Message History

The orc wizard is moderately wounded.
The orc wizard closely misses you.
Your crimson imp blinks!
The orc closely misses you. The orc barely misses your crimson imp.
The orc closely misses your crimson imp.
The orc wizard casts a spell.
The orc wizard seems to speed up.
Your crimson imp barely misses the orc wizard.
You closely miss the orc wizard. Your bite misses the orc wizard.
Your crimson imp disappears in a puff of smoke!
The orc wizard gestures at you while chanting.
The magic dart hits you.
* * * LOW HITPOINT WARNING * * *
The orc wizard completely misses you.
Your crimson imp hits the orc.
The orc completely misses you.
The orc misses something.
The orc closely misses your crimson imp.
Your crimson imp hits the orc wizard but does no damage.
The orc wizard gestures at you while chanting.
The magic dart hits you!
You die...

## ############## .(.###
#.............
....≈≈#####.............
#.≈≈≈≈....#.............
#.≈_≈.#.............)...
...≈≈≈#.#.#.............
.§..≈5#@#.#########.####
....§5o<#...........#
.†..5.oo................
#.#.....###.############
#.#.#.# #.# ...).... ...
.?#.#...#...##
###.#.###.### . #. ..


You could see 2 orc wizards, an orc and 2 friendly crimson imps.

Vanquished Creatures
  An adder (D:2)
  3 dart slugs
  2 leopard geckos
  An orc (D:3)
  A ball python (D:2)
  A giant cockroach (D:1)
  4 goblins
  4 hobgoblins
  6 jackals
  A quokka (D:2)
  2 bats
  6 frilled lizards
  6 kobolds
  A rat (D:1)
39 creatures vanquished.

Vanquished Creatures (collateral kills)
  A gnoll (D:2)
  4 orcs
  3 hobgoblins
8 creatures vanquished.

Grand Total: 47 creatures vanquished

Notes
Turn   | Place    | Note
-------+----------+-------------------------------------------
     0 | D:1      | esteth the Gnoll Wizard began the quest for the Orb.
     0 | D:1      | Reached XP level 1. HP: 13/13 MP: 8/8
   141 | D:1      | Reached XP level 2. HP: 19/19 MP: 6/10
   149 | D:1      | Learned a level 2 spell: Blink
   152 | D:1      | Learned a level 2 spell: Call Imp
   839 | D:1      | Reached XP level 3. HP: 25/25 MP: 8/11
  1298 | D:2      | Reached skill level 1 in Invocations
  1417 | D:2      | Reached skill level 1 in Fighting
  1417 | D:2      | Reached skill level 1 in Short Blades
  1417 | D:2      | Reached skill level 1 in Long Blades
  1417 | D:2      | Reached skill level 1 in Axes
  1417 | D:2      | Reached skill level 1 in Maces & Flails
  1417 | D:2      | Reached skill level 1 in Polearms
  1417 | D:2      | Reached skill level 1 in Staves
  1417 | D:2      | Reached skill level 1 in Slings
  1417 | D:2      | Reached skill level 1 in Bows
  1417 | D:2      | Reached skill level 1 in Crossbows
  1417 | D:2      | Reached skill level 1 in Throwing
  1417 | D:2      | Reached skill level 1 in Armour
  1417 | D:2      | Reached skill level 1 in Shields
  1417 | D:2      | Reached skill level 1 in Unarmed Combat
  1417 | D:2      | Reached skill level 1 in Evocations
  1423 | D:2      | Reached XP level 4. HP: 6/32 MP: 1/13
  1655 | D:2      | Found an iron altar of Okawaru.
  1844 | D:2      | Found a faded altar of an unknown god.
  2014 | D:3      | Found a blossoming altar of Fedhas.
  2327 | D:3      | Killed from afar by an orc wizard

Skill      XL: |  1  2  3 |
---------------+----------+-----
Conjurations   | 2 |  2.2
Summonings     | 2 |  2.2
Translocations | 2 |  2.2
Invocations    | 1 |  1.2
Fighting       | 1 |  1.1
Short Blades   | 1 |  1.1
Long Blades    | 1 |  1.1
Axes           | 1 |  1.1
Maces & Flails | 1 |  1.1
Polearms       | 1 |  1.1
Staves         | 1 |  1.1
Slings         | 1 |  1.1
Bows           | 1 |  1.1
Crossbows      | 1 |  1.1
Throwing       | 1 |  1.1
Armour         | 1 |  1.1
Shields        | 1 |  1.1
Unarmed Combat | 1 |  1.1
Evocations     | 1 |  1.1
Dodging        | |  4.6
Stealth        | |  4.2
Spellcasting   | |  7.2
Hexes          | |  0.8
Charms         | |  0.8
Necromancy     | |  0.8
Transmutations | |  0.8
Fire Magic     | |  0.8
Ice Magic      | |  0.8
Air Magic      | |  0.8
Earth Magic    | |  0.8
Poison Magic   | |  0.8

Action                   |  1- 3 |  4- 6 || total
-------------------------+-------+-------++-------
Melee: Bite              |     3 |     3 ||     6
       Unarmed           |     1 |       ||     1
       Dagger            |    20 |    20 ||    40
 Cast: Magic Dart        |    55 |    29 ||    84
       Call Imp          |     2 |     5 ||     7
  Use: Scroll            |     2 |       ||     2
 Stab: Sleeping          |     5 |       ||     5
  Eat: Chunk             |     1 |     2 ||     3
Armor: Robe              |     5 |     3 ||     8
Dodge: Dodged            |    46 |    29 ||    75
